[Event "Titled Tuesday Blitz May 25 2021"]
[White "Diaz Camallonga, Carles"]
[Black "Sorokin, Aleksey"]
[WhiteFideId "22235256"]
[BlackFideId "24176460"]
[WhiteElo "2438"]
[BlackElo "2476"]
[Result "1-0"]
[Round "08"]
[TimeControl "180+1"]
[Date "2021.05.25"]
[WhiteClock "0:00:09"]
[BlackClock "0:00:04"]

1. e4 c5 2. Nf3 d6 3. Bb5+ Nd7 4. a4 Nf6 5. Nc3 g6 6. O-O Bg7 7. a5 O-O 8. d3 a6 9. Bc4 Ne5 10. Nxe5 dxe5 11. Be3 Qc7 12. h3 Bd7 13. Bg5 Rad8 14. Qf3 Bc6 15. Be3 Qd6 16. Na4 Bxa4 17. Rxa4 Nd7 18. b4 cxb4 19. Rb1 Qc7 20. Raxb4 Qxa5 21. Rxb7 Bf6 22. Bh6 Rfe8 23. Qe3 Qc5 24. Qxc5 Nxc5 25. Rc7 Rc8 26. Rxc8 Rxc8 27. Be3 Kg7 28. Ra1 h6 29. Ra5 Nb7 30. Rxa6 Nd6 31. Bb3 Bg5 32. Bb6 Rc6 33. Ba4 Rc3 34. Ra5 Kf6 35. Bb3 Rc6 36. Ba7 Bd2 37. Ra4 Rc8 38. Be3 Bc3 39. Kf1 g5 40. Ra6 Rd8 41. Ke2 e6 42. Bb6 Rd7 43. Ba4 Rb7 44. Bc6 Rb8 45. Bc7 Rb1 46. Bxd6 h5 47. Kf3 Rf1 48. Bc5 Rc1 49. Ra2 Rh1 50. Be3 g4+ 51. hxg4 hxg4+ 52. Kxg4 Rg1 53. Kf3 Rh1 54. g3 Rd1 55. Ba4 Rb1 56. Bb3 Rh1 57. Ra6 Rh8 58. Rc6 Ba1 59. Ke2 Bb2 60. g4 Rh1 61. g5+ Kg6 62. Rc8 Rg1 63. c4 Bd4 64. Bxd4 exd4 65. c5 Rxg5 66. c6 Rc5 67. Ba4 Kf6 68. Ra8 Ke5 69. Ra7 f5 70. c7 fxe4 71. dxe4 Kxe4 72. f3+ Kf4 73. Bd7 Rc2+ 74. Kd3 Rc3+ 75. Kxd4 Rc1 76. c8=Q e5+ 77. Kd3 Rxc8 78. Bxc8 Kxf3 79. Re7 e4+ 1-0


[Site "https://www.chess.com"]

[Event "Titled Tuesday Blitz May 25 2021"]
[White "Dong, Bao Nghia"]
[Black "Shtyka, Sergey"]
[WhiteFideId "12400343"]
[BlackFideId "4138465"]
[WhiteElo "2409"]
[BlackElo "2102"]
[Result "1/2-1/2"]
[Round "08"]
[TimeControl "180+1"]
[Date "2021.05.25"]
[WhiteClock "0:00:41"]
[BlackClock "0:00:08"]

1. d4 c5 2. c3 b6 3. e4 Bb7 4. Bd3 Nf6 5. f3 d6 6. Ne2 g6 7. O-O Bg7 8. a4 O-O 9. Be3 Nc6 10. Nd2 Rc8 11. Kh1 cxd4 12. Nxd4 Ne5 13. Be2 d5 14. f4 Nc4 15. Nxc4 dxc4 16. e5 Nd5 17. Bg1 e6 18. Qe1 a6 19. Rd1 Qc7 20. Qg3 Rfd8 21. h4 h5 22. Rd2 Ne7 23. Rfd1 Nf5 24. Nxf5 exf5 25. Rxd8+ Rxd8 26. Rxd8+ Qxd8 27. Bxc4 Bc6 28. Bxa6 Bxa4 29. Bb7 Bf8 30. c4 Bc5 31. Bxc5 bxc5 32. Bd5 Kg7 33. b3 Be8 34. Qe1 Bd7 35. g3 Be6 36. Qd2 Qb6 37. Qd3 Qa5 38. Bxe6 fxe6 39. Kg2 Qe1 40. Qf3 Kh6 41. Qf2 Qd1 42. Qxc5 Qxb3 43. Qf8+ Kh7 44. Qf7+ Kh6 45. Qxe6 Qc2+ 46. Kh3 Qe2 47. Qd5 Qg4+ 48. Kh2 Qe2+ 49. Qg2 Qxc4 50. Qd2 Qb3 51. Qe2 Qe6 52. Kg2 Qd5+ 53. Kf2 Qe6 54. Qd2 Qc4 55. Ke3 Qe4+ 56. Kf2 Kg7 57. Qd7+ Kh6 58. e6 Qc2+ 59. Ke1 Qc1+ 60. Ke2 Qc2+ 61. Ke3 Qe4+ 62. Kd2 Qg2+ 63. Kc1 Qg1+ 64. Kc2 Qg2+ 65. Kc1 Qg1+ 66. Qd1 Qe3+ 67. Qd2 Qxe6 68. Qd4 Qe1+ 69. Kc2 Qe2+ 70. Kb3 Qe8 71. Kc4 Qc6+ 72. Qc5 Qe4+ 73. Kb5 Qe2+ 74. Kc6 Qe8+ 75. Kc7 Kh7 76. Qd6 Qf7+ 77. Qd7 Kg7 78. Qxf7+ Kxf7 79. Kd8 Kf8 80. Kd7 Kf7 81. Kd6 Kf6 82. Kd5 Kf7 83. Ke5 Ke7 84. Kd5 Kd7 85. Kc5 Kc7 86. Kb5 Kd6 87. Kc4 Kc6 88. Kd4 Kd6 89. Kc4 Kc6 90. Kd4 Kd6 91. Kc4 1/2-1/2


[Site "https://www.chess.com"]

[Event "Titled Tuesday Blitz May 25 2021"]
[White "Dowgird, Filip"]
[Black "Reprintsev, Alexander"]
[WhiteFideId "1121235"]
[BlackFideId "14100541"]
[WhiteElo "2209"]
[BlackElo "2177"]
[Result "1-0"]
[Round "08"]
[TimeControl "180+1"]
[Date "2021.05.25"]
[WhiteClock "0:00:36"]
[BlackClock "0:01:36"]

1. d4 d5 2. Bf4 Nf6 3. e3 c5 4. c3 Qb6 5. Qb3 e6 6. Nd2 Bd7 7. Ngf3 Bc6 8. h3 Nbd7 9. Be2 Be7 10. O-O O-O 11. Rfe1 Rfc8 12. Ne5 Nxe5 13. Bxe5 Be8 14. Bf3 Nd7 15. Bg3 f5 16. Be2 c4 17. Qc2 Bd6 18. Bxd6 Qxd6 19. f4 b5 20. a3 a5 21. Nf3 Rcb8 22. g4 fxg4 23. hxg4 Bg6 24. Qd2 Nf6 25. Ne5 Ne4 26. Qc2 b4 27. axb4 axb4 28. Nxg6 hxg6 29. Bxc4 Nxc3 30. Bd3 Na2 31. Bxg6 b3 32. Qh2 Qb4 33. Qh7+ Kf8 34. Qh8+ Ke7 35. Qxg7+ Kd6 36. Qe5+ Kd7 37. f5 exf5 38. Bxf5+ Kc6 39. Qe6+ Qd6 40. Rac1+ 1-0


[Site "https://www.chess.com"]

[Event "Titled Tuesday Blitz May 25 2021"]
[White "Egorov, Evgeny"]
[Black "Blanco Ronquillo, Humberto L."]
[WhiteFideId "13700421"]
[BlackFideId "3504239"]
[WhiteElo "2518"]
[BlackElo "2671"]
[Result "0-1"]
[Round "08"]
[TimeControl "180+1"]
[Date "2021.05.25"]
[WhiteClock "0:01:11"]
[BlackClock "0:00:24"]

1. e4 c5 2. Nc3 Nc6 3. Nge2 g6 4. d4 cxd4 5. Nxd4 Bg7 6. Nb3 Nf6 7. Be2 O-O 8. O-O a6 9. Re1 b5 10. Bf1 d6 11. Nd5 Bb7 12. c3 e6 13. Nxf6+ Bxf6 14. a4 b4 15. Bd2 bxc3 16. Bxc3 Bxc3 17. bxc3 Qc7 18. a5 Rab8 19. Qd2 Rfd8 20. Qh6 Bc8 21. Nd2 Ne5 22. Qe3 Rb2 23. h3 Rc2 24. Ra3 Qc5 25. c4 Qxe3 26. Rexe3 Rxd2 27. Reb3 Rd1 28. Rb8 Kf8 29. Rc3 Nc6 30. Ra8 Nd4 31. Re3 Ke7 32. g3 Bb7 33. Ra7 Rd7 34. Rd3 Rxd3 35. Bxd3 Nc6 0-1


[Site "https://www.chess.com"]

[Event "Titled Tuesday Blitz May 25 2021"]
[White "Erigaisi Arjun"]
[Black "Leitao, Rafael"]
[WhiteFideId "35009192"]
[BlackFideId "2101246"]
[WhiteElo "2609"]
[BlackElo "2609"]
[Result "0-1"]
[Round "08"]
[TimeControl "180+1"]
[Date "2021.05.25"]
[WhiteClock "0:01:08"]
[BlackClock "0:00:56"]

1. Nf3 Nf6 2. c4 g6 3. Nc3 Bg7 4. e4 d6 5. d4 O-O 6. Be2 e5 7. d5 a5 8. Be3 Ng4 9. Bg5 f6 10. Bh4 Nh6 11. Nd2 Nf7 12. Qc2 Na6 13. a3 Qe8 14. O-O f5 15. f3 Bh6 16. Bf2 Bd7 17. b3 Qe7 18. Rab1 Bf4 19. b4 axb4 20. axb4 Qg5 21. Rfd1 Be3 22. Nf1 Bxf2+ 23. Kxf2 Qh4+ 24. Kg1 Ng5 25. c5 fxe4 26. Bxa6 exf3 27. Bxb7 fxg2 28. Qxg2 Nh3+ 29. Kh1 Nf2+ 30. Kg1 Ra3 31. Rdc1 Nh3+ 32. Kh1 Bg4 33. Nd2 Rf2 0-1


[Site "https://www.chess.com"]

[Event "Titled Tuesday Blitz May 25 2021"]
[White "Eynullayev, Atilla"]
[Black "Solon, Nathan"]
[WhiteFideId "13413570"]
[BlackFideId "2017229"]
[WhiteElo "2520"]
[BlackElo "2633"]
[Result "1-0"]
[Round "08"]
[TimeControl "180+1"]
[Date "2021.05.25"]
[WhiteClock "0:01:50"]
[BlackClock "0:01:41"]

1. e4 c5 2. Nf3 d6 3. d4 cxd4 4. Nxd4 Nf6 5. Nc3 a6 6. Be2 e5 7. Nb3 Be7 8. O-O O-O 9. Qd3 b5 10. a4 b4 11. Nd5 Nxd5 12. Qxd5 Ra7 13. Be3 Rd7 14. Bg4 Bb7 15. Qd3 d5 16. Bxd7 dxe4 17. Qd2 Qxd7 18. Qxd7 Nxd7 19. Rfd1 Nf6 20. Bc5 1-0


[Site "https://www.chess.com"]

[Event "Titled Tuesday Blitz May 25 2021"]
[White "Fayzullaev, Akmal"]
[Black "Dang, Hoang Son"]
[WhiteFideId "14200554"]
[BlackFideId "12402435"]
[WhiteElo "2546"]
[BlackElo "2710"]
[Result "0-1"]
[Round "08"]
[TimeControl "180+1"]
[Date "2021.05.25"]
[WhiteClock "0:00:29"]
[BlackClock "0:01:32"]

1. d4 Nf6 2. Nf3 g6 3. g3 Bg7 4. Bg2 O-O 5. O-O d6 6. c3 Nbd7 7. Nbd2 e5 8. e3 c6 9. a4 Re8 10. dxe5 Nxe5 11. Nxe5 dxe5 12. Nc4 Bg4 13. f3 Qxd1 14. Rxd1 Be6 15. Nxe5 Bb3 16. Nxc6 Bxd1 17. Nd4 Nd5 18. Bd2 Bxd4 19. cxd4 Bb3 20. e4 Nb6 21. a5 Nc4 22. Bc3 Rad8 23. f4 Ne3 24. Bf3 Nc2 25. Rd1 f5 26. e5 Bd5 27. Kf2 Rd7 28. Rd2 Na1 29. Bxd5+ Rxd5 30. Ke3 Nb3 31. Rd1 Nxa5 32. Bxa5 Rxa5 33. d5 Rd8 34. d6 Kf7 35. Rc1 Rd7 36. Kd4 Ke6 37. Rc8 Ra4+ 38. Kd3 Rb4 39. Kc3 a5 40. Re8+ Kf7 41. Rh8 Ke6 42. Re8+ Kd5 43. Re7 Rxe7 44. dxe7 Rc4+ 45. Kb3 Rc8 0-1


[Site "https://www.chess.com"]

[Event "Titled Tuesday Blitz May 25 2021"]
[White "Fernandez, Daniel Howard"]
[Black "Jobava, Baadur"]
[WhiteFideId "5801605"]
[BlackFideId "13601520"]
[WhiteElo "2468"]
[BlackElo "2748"]
[Result "1-0"]
[Round "08"]
[TimeControl "180+1"]
[Date "2021.05.25"]
[WhiteClock "0:01:48"]
[BlackClock "0:00:16"]

1. e4 e5 2. Nf3 Nf6 3. Nc3 d6 4. d4 Nbd7 5. Rg1 g6 6. g4 Bg7 7. Be2 O-O 8. Be3 c6 9. g5 Nh5 10. Qd2 b5 11. a3 a5 12. d5 cxd5 13. Nxd5 Nc5 14. Bxc5 dxc5 15. Bxb5 Rb8 16. a4 Nf4 17. O-O-O Ne6 18. h4 Nd4 19. Nxd4 exd4 20. h5 Be6 21. Bc4 Qd7 22. b3 Qd8 23. f4 Re8 24. f5 Bxd5 25. Bxd5 Qd6 26. hxg6 hxg6 27. Rdf1 c4 28. fxg6 Qa3+ 29. Kd1 d3 30. Bxf7+ Kf8 31. Bxc4+ Ke7 32. Rf7+ Kd6 33. Qxd3+ Kc5 34. Qd5+ Kb4 35. Qd6+ Kc3 36. Qxa3 1-0


[Site "https://www.chess.com"]

[Event "Titled Tuesday Blitz May 25 2021"]
[White "Filali, Razzouki Marouane"]
[Black "Maiorov, Nikita"]
[WhiteFideId "9003720"]
[BlackFideId "13501720"]
[WhiteElo "2073"]
[BlackElo "2440"]
[Result "1-0"]
[Round "08"]
[TimeControl "180+1"]
[Date "2021.05.25"]
[WhiteClock "0:01:00"]
[BlackClock "0:00:02"]

1. e4 e5 2. Nf3 Nc6 3. Bc4 Bc5 4. c3 Nf6 5. d4 exd4 6. cxd4 Bb4+ 7. Nc3 Nxe4 8. O-O Bxc3 9. d5 Bf6 10. Re1 Ne7 11. Rxe4 d6 12. Bg5 Bxg5 13. Nxg5 h6 14. Qh5 O-O 15. Rae1 Ng6 16. Ne6 fxe6 17. Qxg6 e5 18. Rxe5 Qh4 19. Re7 Qxf2+ 20. Kh1 Qf6 21. Qxf6 Rxf6 22. Rxc7 b5 23. Bxb5 Bg4 24. Ree7 Rg6 25. h3 Bf5 26. Be2 Rb8 27. g4 Bb1 28. b3 a5 29. Ra7 Rc8 30. Kg2 h5 31. Kg3 Rc3+ 32. Kh4 hxg4 33. Bxg4 Rh6+ 34. Kg5 Rg6+ 35. Kf4 Rf6+ 36. Kg5 Rg6+ 37. Kh4 Kh7 38. Bh5 Rgg3 39. Bg4 Kh6 40. Rxg7 Bg6 41. Rge7 Rg1 42. Re6 Rg2 43. Rf7 1-0


[Site "https://www.chess.com"]

[Event "Titled Tuesday Blitz May 25 2021"]
[White "Gabdushev, Ruslan"]
[Black "Spyropoulos, Nikolaos"]
[WhiteFideId "4137833"]
[BlackFideId "4298977"]
[WhiteElo "2312"]
[BlackElo "2159"]
[Result "1-0"]
[Round "08"]
[TimeControl "180+1"]
[Date "2021.05.25"]
[WhiteClock "0:00:15"]
[BlackClock "0:00:33"]

1. b3 Nf6 2. Bb2 d5 3. e3 c6 4. f4 Bf5 5. Nf3 Nbd7 6. Bd3 e6 7. O-O Bd6 8. Bxf5 exf5 9. a4 O-O 10. a5 a6 11. c4 Qe7 12. Nc3 Rac8 13. Qb1 g6 14. cxd5 cxd5 15. Rc1 Rc7 16. Ne2 Rfc8 17. Rxc7 Rxc7 18. Bd4 Bc5 19. Qb2 Bxd4 20. Qxd4 Qc5 21. b4 Qxd4 22. Nexd4 Rc4 23. b5 axb5 24. Nxb5 Rb4 25. Nbd4 Ne4 26. Rc1 Ndc5 27. Ne5 f6 28. Nef3 Ra4 29. Kf1 Rxa5 30. Ke2 Ra2 31. Kd1 Kg7 32. Rb1 Kh6 33. Rb6 Ra1+ 34. Ke2 Rg1 35. Nxg1 1-0


[Site "https://www.chess.com"]

[Event "Titled Tuesday Blitz May 25 2021"]
[White "Garcia Ramos, Daniel"]
[Black "Langner, Ladislav"]
[WhiteFideId "32010311"]
[BlackFideId "300403"]
[WhiteElo "2334"]
[BlackElo "2346"]
[Result "1/2-1/2"]
[Round "08"]
[TimeControl "180+1"]
[Date "2021.05.25"]
[WhiteClock "0:00:41"]
[BlackClock "0:00:45"]

1. c4 Nf6 2. Nc3 g6 3. Nf3 d5 4. cxd5 Nxd5 5. g3 Bg7 6. Bg2 O-O 7. O-O Nxc3 8. bxc3 c5 9. d4 cxd4 10. cxd4 Nc6 11. Bb2 Bg4 12. Rb1 Bxf3 13. Bxf3 Nxd4 14. Bxb7 Rb8 15. Bg2 Rxb2 16. Rxb2 Nf3+ 17. Bxf3 Bxb2 18. Qa4 Qd4 19. Qb3 Qb6 20. Qc4 Bd4 21. e3 Bf6 22. Rd1 Rd8 23. Rxd8+ Qxd8 24. h4 h5 25. a4 Qb6 26. Kg2 Kg7 27. Qd5 e6 28. Qd7 a5 29. Bc6 Qc5 30. Qb7 Be7 31. Be4 Bd6 32. Qd7 Qc7 33. Qe8 Qb8 34. Qc6 Qc7 35. Qa6 Be5 36. Bc6 Bd6 37. Qb5 Be5 38. f4 Bf6 39. Kf3 Qd8 40. Bd7 Qc7 41. Bc6 Qd8 42. Bd7 Qc7 43. Bc6 1/2-1/2


[Site "https://www.chess.com"]

[Event "Titled Tuesday Blitz May 25 2021"]
[White "Gelman, Alexander"]
[Black "Benkovic, Petar"]
[WhiteFideId "4118316"]
[BlackFideId "922641"]
[WhiteElo "2375"]
[BlackElo "2416"]
[Result "1-0"]
[Round "08"]
[TimeControl "180+1"]
[Date "2021.05.25"]
[WhiteClock "0:01:04"]
[BlackClock "0:00:01"]

1. d4 d5 2. Nc3 Nf6 3. Bf4 a6 4. e3 e6 5. g4 Bd6 6. g5 Nfd7 7. Nf3 Nc6 8. h4 Qe7 9. Bg2 b5 10. h5 Bb7 11. a4 b4 12. Ne2 a5 13. Ng3 Ba6 14. Qd2 Nb6 15. b3 O-O-O 16. O-O-O f6 17. h6 Bxf4 18. exf4 gxh6 19. Rxh6 fxg5 20. Nxg5 Rd6 21. Re1 Kb7 22. Nf5 Qf8 23. Nxd6+ cxd6 24. Rexe6 Nc8 25. Bxd5 Kc7 26. Rxd6 Qxd6 27. Rxd6 Nxd6 28. Ne6+ Kd7 29. Nc5+ Kc7 30. Nxa6+ Kb6 31. Bxc6 Kxc6 32. d5+ Kb6 33. Qd4+ Kxa6 34. Qxh8 Kb6 35. Qxh7 Kc5 36. Qd3 Ne4 37. Qxe4 Kd6 38. Qe6+ 1-0


[Site "https://www.chess.com"]

[Event "Titled Tuesday Blitz May 25 2021"]
[White "Golubev, Mikhail"]
[Black "Piesik, Piotr"]
[WhiteFideId "14100983"]
[BlackFideId "1136194"]
[WhiteElo "2374"]
[BlackElo "2369"]
[Result "1-0"]
[Round "08"]
[TimeControl "180+1"]
[Date "2021.05.25"]
[WhiteClock "0:00:45"]
[BlackClock "0:01:23"]

1. e4 g6 2. d4 Bg7 3. c4 d6 4. Nc3 Nd7 5. Nf3 e5 6. Be2 Ngf6 7. O-O O-O 8. Be3 c6 9. d5 cxd5 10. cxd5 Nc5 11. Nd2 a5 12. a3 Bd7 13. b4 axb4 14. axb4 Na6 15. Qb3 Ng4 16. Bxg4 Bxg4 17. Nc4 f5 18. f3 Bh5 19. b5 Nc5 20. Bxc5 Rxa1 21. Rxa1 dxc5 22. d6 Kh8 23. Rd1 Bf6 24. d7 Qe7 25. Nd5 Qe6 26. Nxf6 Qxf6 27. Qd3 fxe4 28. Qxe4 Rd8 29. Qxe5 Qxe5 30. Nxe5 g5 31. Nc6 bxc6 32. bxc6 Be8 33. dxe8=Q+ Rxe8 34. c7 1-0


[Site "https://www.chess.com"]

[Event "Titled Tuesday Blitz May 25 2021"]
[White "Gontcharov, Vladislav"]
[Black "elcandado"]
[WhiteFideId "4123492"]
[WhiteElo "2503"]
[BlackElo "2637"]
[Result "0-1"]
[Round "08"]
[TimeControl "180+1"]
[Date "2021.05.25"]
[WhiteClock "0:00:32"]
[BlackClock "0:00:56"]

1. e4 e5 2. Nf3 Nc6 3. Bb5 a6 4. Ba4 Nf6 5. d3 d6 6. c3 g6 7. O-O Bg7 8. Re1 O-O 9. Bg5 h6 10. Bd2 Kh8 11. h3 Ng8 12. Bc1 f5 13. Nbd2 f4 14. Bxc6 bxc6 15. d4 g5 16. dxe5 dxe5 17. Nc4 Qe7 18. Nh2 Be6 19. Na5 Qe8 20. Qa4 Bd7 21. b3 h5 22. Ba3 g4 23. hxg4 hxg4 24. Bxf8 Bxf8 25. b4 Qh5 26. Qd1 Nf6 27. Nb7 Kg7 28. Qe2 Be7 29. Red1 Rh8 30. Qxa6 Qxh2+ 31. Kf1 f3 32. gxf3 gxf3 33. Ke1 Nxe4 34. Qf1 Bh3 0-1


[Site "https://www.chess.com"]

[Event "Titled Tuesday Blitz May 25 2021"]
[White "Goryachkina, Aleksandra"]
[Black "Spata, German"]
[WhiteFideId "4147103"]
[BlackFideId "113026"]
[WhiteElo "2640"]
[BlackElo "2522"]
[Result "1/2-1/2"]
[Round "08"]
[TimeControl "180+1"]
[Date "2021.05.25"]
[WhiteClock "0:01:27"]
[BlackClock "0:01:25"]

1. e4 e6 2. d4 d5 3. e5 c5 4. c3 Nc6 5. Nf3 Qb6 6. a3 c4 7. Be2 Na5 8. Nbd2 Bd7 9. O-O Ne7 10. Rb1 Qc7 11. Re1 h6 12. Nf1 Nc8 13. Ng3 Nb6 14. Bf1 O-O-O 15. Nh5 Ba4 16. Qe2 Kb8 17. h3 Nd7 18. g3 Bb3 19. h4 Ba2 20. Ra1 Bb3 21. Bf4 Ba4 22. Bg2 Ka8 23. Rab1 Qb6 24. Qd2 Qb3 25. Rbc1 Qb6 26. Rb1 Qb3 27. Rbc1 Qb6 28. Rb1 1/2-1/2


[Site "https://www.chess.com"]

[Event "Titled Tuesday Blitz May 25 2021"]
[White "Grochal, Joey"]
[Black "Vakhlamov, Igor L."]
[WhiteFideId "1019945"]
[BlackFideId "24126748"]
[WhiteElo "2265"]
[BlackElo "2405"]
[Result "1-0"]
[Round "08"]
[TimeControl "180+1"]
[Date "2021.05.25"]
[WhiteClock "0:00:09"]
[BlackClock "0:00:11"]

1. d4 d5 2. c4 e6 3. Nc3 Bb4 4. Nf3 Nf6 5. Bg5 h6 6. Bxf6 Qxf6 7. Qb3 c5 8. e3 Nc6 9. dxc5 O-O 10. Be2 dxc4 11. Bxc4 Bxc5 12. O-O Qg6 13. Qd1 Rd8 14. Qe2 e5 15. Bd5 Bh3 16. Ne1 Bg4 17. f3 Bf5 18. Kh1 Qg5 19. Bxc6 bxc6 20. e4 Rd2 21. Qc4 Bf2 22. exf5 Bxe1 23. Rg1 Bf2 24. Ne4 Qd8 25. Rgf1 Bb6 26. Nxd2 Qxd2 27. Qxc6 Rd8 28. Qc3 Qf4 29. Rae1 Bd4 30. Qc2 h5 31. Re2 Rb8 32. Qe4 Qg5 33. b3 Qf6 34. Rc1 Kh7 35. Rec2 Rb6 36. Rc4 Rd6 37. Rc6 Qg5 38. R1c2 Rd7 39. Rc7 Rxc7 40. Rxc7 Qd2 41. g3 Qd1+ 42. Kg2 f6 43. Qc2 Qg1+ 44. Kh3 Qf1+ 45. Qg2 Qd3 46. g4 a5 47. gxh5 Qxf5+ 48. Qg4 Qxg4+ 49. fxg4 Kh6 50. Rc6 Kg5 51. Rc7 Kh6 52. Rd7 Be3 53. Rd5 Bf4 54. Rxa5 g6 55. hxg6 Kxg6 56. Ra6 Kg5 57. Rc6 Be3 58. Kg2 e4 59. h3 Kf4 60. a4 Bd4 61. Kf1 e3 62. Ke2 Ke4 63. a5 Kd5 64. Rc4 Ba7 65. Rf4 f5 66. Rxf5+ Ke6 67. Rf3 Bd4 68. Rxe3+ Kd5 69. Rd3 Ke4 70. Rxd4+ 1-0


[Site "https://www.chess.com"]

[Event "Titled Tuesday Blitz May 25 2021"]
[White "Grunberg, Mihai-Lucian"]
[Black "Weetik, Vjacheslav"]
[WhiteFideId "1204149"]
[BlackFideId "4153472"]
[WhiteElo "2524"]
[BlackElo "2740"]
[Result "0-1"]
[Round "08"]
[TimeControl "180+1"]
[Date "2021.05.25"]
[WhiteClock "0:00:12"]
[BlackClock "0:00:47"]

1. Nf3 Nf6 2. c4 g6 3. g3 Bg7 4. Bg2 O-O 5. O-O d6 6. d4 Nc6 7. Nc3 a6 8. Re1 Rb8 9. Rb1 b5 10. cxb5 axb5 11. b4 e6 12. e4 Ne7 13. Qd3 Nd7 14. Bb2 c6 15. d5 cxd5 16. exd5 e5 17. Nxb5 Ba6 18. a4 Nb6 19. Qb3 Nxa4 20. Qxa4 Bxb5 21. Qb3 h6 22. Nd2 Qd7 23. Rec1 Nf5 24. Ne4 Nd4 25. Bxd4 exd4 26. h4 Rfe8 27. Re1 Rbc8 28. Rbc1 Rxc1 29. Rxc1 Be2 30. Rc6 d3 31. Rxd6 Qa7 32. Rc6 Qa1+ 33. Kh2 Rxe4 34. Bxe4 Qd4 35. Rc8+ Kh7 36. Rc4 Qxf2+ 37. Kh3 Bf1+ 0-1


[Site "https://www.chess.com"]

[Event "Titled Tuesday Blitz May 25 2021"]
[White "Harutjunyan, Gevorg"]
[Black "Mortazavi, Ali"]
[WhiteFideId "13300873"]
[BlackFideId "401323"]
[WhiteElo "2723"]
[BlackElo "2538"]
[Result "1-0"]
[Round "08"]
[TimeControl "180+1"]
[Date "2021.05.25"]
[WhiteClock "0:00:07"]
[BlackClock "0:00:05"]

1. e4 c6 2. d4 d5 3. e5 Bf5 4. h4 c5 5. dxc5 Nc6 6. Bb5 Qc7 7. Bf4 e6 8. g4 Bxg4 9. Qxg4 Qa5+ 10. Nc3 d4 11. b4 Qxb4 12. Bd2 Nh6 13. Qe4 Qxc5 14. Bxc6+ bxc6 15. Nce2 Nf5 16. Nf3 Rd8 17. Ng3 Nxg3 18. fxg3 Be7 19. a3 a5 20. O-O O-O 21. Rf2 Rd5 22. Bf4 h6 23. Raf1 Qxa3 24. Ne1 d3 25. Nxd3 Qc3 26. h5 Qa3 27. Be3 a4 28. Qg4 Kh8 29. Rxf7 Rxf7 30. Rxf7 Qa1+ 31. Kg2 Qa3 32. Qxg7# 1-0


[Site "https://www.chess.com"]

[Event "Titled Tuesday Blitz May 25 2021"]
[White "Hasangatin, Ramil"]
[Black "Bonte, Andrei-Mihai"]
[WhiteFideId "4122160"]
[BlackFideId "1210297"]
[WhiteElo "2375"]
[BlackElo "2200"]
[Result "1-0"]
[Round "08"]
[TimeControl "180+1"]
[Date "2021.05.25"]
[WhiteClock "0:00:54"]
[BlackClock "0:00:05"]

1. e4 e6 2. d3 c5 3. Nf3 Nc6 4. c3 d6 5. d4 Nf6 6. d5 Ne5 7. Nxe5 dxe5 8. Bb5+ Bd7 9. Bxd7+ Qxd7 10. dxe6 Qxd1+ 11. Kxd1 Nxe4 12. exf7+ Kxf7 13. Be3 Be7 14. Kc2 Ke6 15. f3 Bg5 16. Bxg5 Nxg5 17. Nd2 Rad8 18. Rhe1 Rd5 19. a4 Rhd8 20. Re2 Kf5 21. Rae1 Nf7 22. Ne4 b6 23. a5 b5 24. Ng3+ Kf6 25. h4 g6 26. h5 Nd6 27. hxg6 hxg6 28. Rh1 Kg7 29. b3 c4 30. b4 Nf5 31. Ne4 Nd6 32. Ng5 Nf5 33. Ne6+ Kf6 34. Nxd8 Ng3 35. Rd1 Rxd8 36. Rxd8 Nxe2 37. Ra8 1-0


[Site "https://www.chess.com"]

[Event "Titled Tuesday Blitz May 25 2021"]
[White "Indjic, Aleksandar"]
[Black "Abdrlauf, Elham"]
[WhiteFideId "911925"]
[BlackFideId "1533533"]
[WhiteElo "2643"]
[BlackElo "2326"]
[Result "1-0"]
[Round "08"]
[TimeControl "180+1"]
[Date "2021.05.25"]
[WhiteClock "0:00:42"]
[BlackClock "0:00:01"]

1. d3 d5 2. Nf3 g6 3. c4 c6 4. Qa4 dxc4 5. Qxc4 Bg7 6. g3 Nf6 7. Bg2 O-O 8. O-O Nbd7 9. Nbd2 e5 10. Qc2 Re8 11. b3 e4 12. dxe4 Nxe4 13. Nxe4 Bxa1 14. Bg5 f6 15. Bh6 Be5 16. Rd1 Qe7 17. h4 Bc7 18. Nc3 Ne5 19. Nxe5 Bxe5 20. f4 Bc7 21. e4 Bg4 22. Rc1 Rad8 23. Kh2 Bb6 24. e5 fxe5 25. Bg5 Qg7 26. Ne4 Bf5 27. Qc4+ Be6 28. Qf1 exf4 29. Qxf4 Rf8 30. Nf6+ Kh8 31. Rf1 Bd4 32. h5 Bxf6 33. Bxf6 Qxf6 34. Qxf6+ Rxf6 35. Rxf6 Bf5 36. h6 Kg8 37. Bf1 Rd2+ 38. Kg1 Rd1 39. Kf2 Rd2+ 40. Ke3 Rd8 41. Bc4+ Kh8 42. a4 Re8+ 43. Kd4 Rd8+ 44. Kc5 Rc8 45. Kd6 Rd8+ 46. Ke7 Rd7+ 47. Ke8 1-0


[Site "https://www.chess.com"]

[Event "Titled Tuesday Blitz May 25 2021"]
[White "Isajevsky, Anton"]
[Black "Von Buelow, Georg"]
[WhiteFideId "4142500"]
[BlackFideId "4620658"]
[WhiteElo "2580"]
[BlackElo "2238"]
[Result "1-0"]
[Round "08"]
[TimeControl "180+1"]
[Date "2021.05.25"]
[WhiteClock "0:01:29"]
[BlackClock "0:01:33"]

1. c4 g6 2. Nc3 Bg7 3. g3 c5 4. Bg2 Nc6 5. Rb1 d6 6. a3 Qd7 7. b4 Bxc3 8. dxc3 Nf6 9. Nh3 O-O 10. Nf4 Rb8 11. Nd5 b6 12. Bf4 Nxd5 13. cxd5 Nd8 14. bxc5 1-0


[Site "https://www.chess.com"]

[Event "Titled Tuesday Blitz May 25 2021"]
[White "Janaszak, Dawid"]
[Black "Mikhalevski, Victor"]
[WhiteFideId "1119206"]
[BlackFideId "2801914"]
[WhiteElo "2519"]
[BlackElo "2716"]
[Result "0-1"]
[Round "08"]
[TimeControl "180+1"]
[Date "2021.05.25"]
[WhiteClock "0:00:03"]
[BlackClock "0:00:17"]

1. e4 c5 2. Nc3 g6 3. d4 cxd4 4. Qxd4 Nf6 5. e5 Nc6 6. Qf4 Nh5 7. Qe3 d5 8. exd6 Qxd6 9. Bd2 Bg7 10. O-O-O O-O 11. Nf3 Bg4 12. Bc4 Rac8 13. Kb1 Bxf3 14. gxf3 Bd4 15. Qh6 Ne5 16. Bb3 Nxf3 17. Ne4 Qc6 18. Ng3 Bg7 19. Qe3 Nxd2+ 20. Qxd2 Nf6 21. h4 h5 22. Rhg1 Kh7 23. c3 Rfd8 24. Qe2 e6 25. Bc2 Kh8 26. a3 Rxd1+ 27. Rxd1 Nd5 28. Ne4 Qb6 29. Ka2 Rd8 30. Bb3 Nf4 31. Qf1 Qc7 32. Rxd8+ Qxd8 33. Ng5 Kg8 34. Qc4 Nd5 35. Qe4 Qd6 36. Nf3 a6 37. Qc4 Qc7 38. Qxc7 Nxc7 39. a4 Kf8 40. Bc2 Ke7 41. b4 Bxc3 42. Kb3 Nd5 43. Be4 Bf6 44. Kc4 Kd6 45. b5 a5 46. b6 Nxb6+ 47. Kb5 Nd5 48. Kxa5 Kc5 49. Bxd5 Bc3# 0-1


[Site "https://www.chess.com"]

[Event "Titled Tuesday Blitz May 25 2021"]
[White "Jarovinsky, Alexey"]
[Black "Hess, Robert"]
[WhiteFideId "14115131"]
[BlackFideId "2022036"]
[WhiteElo "2612"]
[BlackElo "2747"]
[Result "1/2-1/2"]
[Round "08"]
[TimeControl "180+1"]
[Date "2021.05.25"]
[WhiteClock "0:00:12"]
[BlackClock "0:00:02"]

1. Nc3 g6 2. h4 Bg7 3. h5 d5 4. e4 d4 5. Nce2 c5 6. Nf4 Nc6 7. Bb5 Bd7 8. Nf3 a6 9. Bxc6 Bxc6 10. d3 e5 11. Ne2 c4 12. Ng3 Qa5+ 13. Bd2 c3 14. bxc3 dxc3 15. Be3 Nf6 16. Rb1 Ng4 17. Bb6 Qxa2 18. O-O Qe6 19. d4 Bb5 20. Ng5 Qxb6 21. Qxg4 exd4 22. e5 O-O 23. e6 f5 24. Qh4 h6 25. hxg6 Qd8 26. f4 Qf6 27. Qh5 Bxf1 28. Rxf1 d3 29. cxd3 c2 30. Nf7 Qxe6 31. Nxf5 Rxf7 32. gxf7+ Qxf7 33. Nxh6+ Bxh6 34. Qxh6 Re8 35. Qg5+ Qg7 36. Qd5+ Qf7 37. Qg5+ Qg7 38. Qd5+ Qf7 39. Qg5+ 1/2-1/2


[Site "https://www.chess.com"]